 Dungeon Crawl Stone Soup version 0.28.0-53-g5a82cb258f (webtiles) character file.

Game seed: 3591185823969528512

6090 CryoSword the Photosynthesist (level 10, -10/76 HPs)
             Began as a Demonspawn Ice Elementalist on May 24, 2022.
             Was an Elder of Fedhas.
             Killed by refrigeration
             ... invoked by Fannar
              (31 damage)
             ... on level 10 of the Dungeon.
             The game lasted 00:16:01 (8627 turns).

CryoSword the Photosynthesist (DsIE)                Turns: 8627, Time: 00:16:03

Health: -10/76     AC: 11    Str: 13    XL:     10   Next: 58%
Magic:  3/17       EV: 16    Int: 22    God:    Fedhas [****..]
Gold:   531        SH:  5    Dex: 14    Spells: 7/14 levels left

rFire   . . .      SeeInvis .   b - +2 short sword (protect)
rCold   . . .      Faith    .   w - +0 buckler
rNeg    . . .      Spirit   .   J - +1 ring mail {rPois}
rPois   +          Reflect  .   (helmet restricted)
rElec   .          Harm     .   F - scarf {shadows}
rCorr   .          Rampage  .   H - +0 pair of gloves {Stlth+}
Will    .....                   (no boots)
Stlth   ++........              j - amulet of regeneration
HPRegen 1.02/turn               k - +4 ring of evasion
MPRegen 0.15/turn               v - +6 ring of intelligence

@: mighty, ice-armoured
A: antennae 1, ignite blood 2, powered by death 2, weakness stinger 1, demonic
touch 1
a: Renounce Religion, Wall of Briars, Grow Ballistomycete, Overgrow


You were on level 10 of the Dungeon.
You worshipped Fedhas.
Fedhas was greatly pleased with you.
You visited 2 branches of the dungeon, and saw 11 of its levels.

You collected 531 gold pieces.

Inventory:

Hand Weapons
 b - a +2 short sword of protection (weapon)
   (You took it off a kobold on level 1 of the Dungeon)
Missiles
 e - 20 poisoned darts
 z - a curare-tipped dart
 G - 4 boomerangs
Armour
 w - a +0 buckler (worn)
   (You found it on level 6 of the Dungeon)
 F - a scarf of shadows (worn)
   (You found it on level 7 of the Dungeon)
 H - a +0 pair of gloves of stealth (worn)
   (You found it on level 9 of the Dungeon)
 J - a +1 ring mail of poison resistance (worn)
   (You took it off an orc on level 7 of the Dungeon)
Jewellery
 j - an amulet of regeneration (around neck)
   (You found it on level 2 of the Dungeon)
 k - a +4 ring of evasion (left hand)
   (You found it on level 2 of the Dungeon)
 v - a +6 ring of intelligence (right hand)
   (You found it on level 5 of the Dungeon)
Wands
 y - a wand of charming (4) (quivered)
   (You took it off an orc wizard on level 6 of the Dungeon)
Scrolls
 a - 2 scrolls of enchant armour {unknown}
 g - 2 scrolls of teleportation {@r4}
 l - a scroll of immolation {unknown}
 o - a scroll of noise {unknown}
 p - a scroll of fog {unknown}
 q - a scroll of blinking {unknown}
 s - 3 scrolls of magic mapping {unknown}
 x - a scroll of amnesia {unknown}
 A - a scroll of summoning {unknown}
 C - a scroll of silence {unknown}
 E - a scroll of enchant weapon {unknown}
 I - a scroll of holy word {unknown}
Potions
 c - a potion of brilliance {unknown}
 h - 3 potions of lignification {!q}
 i - 4 potions of ambrosia
 m - a potion of might
 n - a potion of invisibility {unknown}
 r - a potion of attraction {unknown}
 t - a potion of cancellation
 u - a potion of curing {@q1}
 B - a potion of mutation {unknown}


   Skills:
 + Level 5.8 Fighting
 * Level 6.6 Long Blades
 + Level 1.4 Armour
 - Level 5.2 Dodging
 - Level 1.7 Stealth
 * Level 4.9 Shields
 + Level 2.6 Spellcasting
 + Level 6.9 Ice Magic
 * Level 9.8 Invocations


You had 7 spell levels left.
You knew the following spells:

 Your Spells              Type           Power      Damage    Failure   Level
a - Freeze                Ice            100%       1d11      1%          1
b - Frozen Ramparts       Ice            66%        1d8       6%          3
c - Ozocubu's Armour      Ice            33%        N/A       6%          3

Your spell library contained the following spells:

 Spells                   Type           Power      Damage    Failure   Level
 Apportation              Tloc           4%         N/A       34%         1
 Hailstorm                Conj/Ice       18%        3d6       65%         4
 Alistair's Intoxication  Tmut/Pois      1%         N/A       100%        5


Dungeon Overview and Level Annotations

Branches:
Dungeon (10/15)            Temple (1/1) D:5             Orc (0/2) D:9
   Lair: D:8-11

Altars:
Ashenzari
Cheibriados
Fedhas
Hepliaklqana
Kikubaaqudgha
Makhleb
Nemelex Xobeh
Ru
Sif Muna
Wu Jian

Shops:
D:4 (

Annotations:
D:4 2 transporters
D:8 2 transporters, Exodus22XD's ghost, novice MiFi
D:10 1 transporter, Fannar


Innate Abilities, Weirdness & Mutations

You have a pair of small antennae on your head.
Your demonic aura often causes spilled blood to erupt in flames.
You regenerate health from kills.
You have a small tail.
Your touch may inflict minor irresistible damage on your foes.


Message History

The wall freezes the kobold.
You kill the kobold!
Fedhas appreciates your contribution to the ecosystem.
You completely miss the kobold brigand.
Your tail-slap misses the kobold brigand.
The wall freezes the kobold brigand.
The kobold brigand barely misses you.
You closely miss the kobold brigand.
Your tail-slap misses the kobold brigand.
The wall freezes the kobold brigand.
The kobold brigand closely misses you.
You hit the kobold brigand.
Your weapon exudes an aura of protection.
The wall freezes the kobold brigand!
The kobold brigand hits you but does no damage.
You hit the kobold brigand.
You kill the kobold brigand!
Fedhas appreciates your contribution to the ecosystem.
No target in view!
The frozen ramparts melt away.
Your icy armour starts to melt.
Your icy armour cracks and falls away as you move.
e - 20 poisoned darts (gained 5)
You see here a +0 short sword.
Found a transporter.
Things that are here:
a +0 club; 4 stones; a kobold corpse
Found two stone staircases leading up.
Fannar the Cold-Hearted comes into view.
They are wielding a staff of cold and wearing a +2 robe of cold resistance.
Fannar shouts!
Fannar casts a spell.
Fannar drains the heat from the surrounding environment!
Fannar casts a spell.
Fannar drains the heat from the surrounding environment!
The walls around you are covered in ice.
Fannar resists.
The wall freezes Fannar.
Fannar hits you with a staff of cold. Fannar freezes you.
* * * LOW HITPOINT WARNING * * *
A film of ice covers your body!
Fannar completely resists.
The wall freezes Fannar but does no damage.
Fannar drinks a potion.
Fannar seems to grow stronger.
You hit Fannar.
Your weapon exudes an aura of protection.
You tail-slap Fannar, but do no damage.
Fannar completely resists.
The wall freezes Fannar but does no damage.
Fannar barely misses you.
You miss Fannar.
Fannar completely resists.
The wall freezes Fannar but does no damage.
You block Fannar's attack.
You miss Fannar.
Fannar completely resists.
The wall freezes Fannar but does no damage.
Fannar hits you but does no damage. Fannar freezes you.
* * * LOW HITPOINT WARNING * * *
Okay, then.
You hit Fannar but do no damage.
Fannar resists.
The wall freezes Fannar.
Fannar gestures wildly while chanting.
You barely miss Fannar.
Fannar resists.
The wall freezes Fannar.
Fannar misses you.
You feel very mighty all of a sudden.
The ice beast completely resists.
The wall freezes the ice beast but does no damage.
Fannar resists.
The wall freezes Fannar.
Fannar closely misses you.
You puncture Fannar!
The ice beast completely resists.
The wall freezes the ice beast but does no damage.
You puncture the ice beast!
The frozen ramparts melt away.
The walls around you are covered in ice.
The ice beast completely resists.
The wall freezes the ice beast but does no damage.
You block the ice beast's attack.
You closely miss the ice beast.
The ice beast completely resists.
The wall freezes the ice beast but does no damage.
The ice beast hits you but does no damage.
Fannar resists.
The wall freezes Fannar.
Fannar gestures wildly while chanting.
You barely miss the ice beast. You tail-slap the ice beast.
The ice beast completely resists.
The wall freezes the ice beast but does no damage.
The ice beast closely misses you.
Fannar resists.
The wall freezes Fannar.
Fannar casts a spell.
Fannar drains the heat from the surrounding environment!
* * * LOW HITPOINT WARNING * * *
You hit the ice beast. You tail-slap the ice beast!
You kill the ice beast!
The ice beast disappears in a puff of smoke!
The ice beast completely resists.
The wall freezes the ice beast but does no damage.
Fannar resists.
The wall freezes Fannar.
Fannar casts a spell.
Your icy armour and frozen ramparts will break if you move.
Continue?
Okay, then.
Aim: an ice beast (summoned, chance to affect: 49%)
The ice beast is charmed.
Fannar completely resists.
The wall freezes Fannar but does no damage.
Something closely misses your ice beast.
Fannar completely resists.
The wall freezes Fannar but does no damage.
Fannar mumbles some strange words.
Something misses your ice beast.
Fannar completely resists.
The wall freezes Fannar but does no damage.
Fannar hits your ice beast but does no damage.
The ice beast completely resists.
The wall freezes the ice beast but does no damage.
Something closely misses your ice beast.
Fannar resists.
The wall freezes Fannar.
Fannar closely misses your ice beast. Something hits your ice beast.
Something freezes your ice beast.
Your ice beast completely resists.
The ice beast completely resists.
The wall freezes the ice beast but does no damage.
Fannar resists.
The wall freezes Fannar.
Fannar mumbles some strange words.
Fannar drains the heat from the surrounding environment!
* * * LOW HITPOINT WARNING * * *
The ice beast completely resists.
The wall freezes the ice beast but does no damage.
Something hits your ice beast. Something freezes your ice beast.
Your ice beast completely resists.
Unknown command.
You feel much better.
Fannar completely resists.
The wall freezes Fannar but does no damage.
Fannar barely misses your ice beast. Something barely misses your ice beast.
The ice beast completely resists.
The wall freezes the ice beast but does no damage.
The rock wall is torn apart as an oklob sapling grows in its place. x2
You can no longer grow an oklob plant.
Fannar resists.
The wall freezes Fannar.
Fannar casts a spell at you.
The bolt of cold hits your oklob sapling!!
The bolt of cold hits you!!
* * * LOW HITPOINT WARNING * * *
The ice beast hits your oklob sapling but does no damage.
The ice beast completely resists.
The wall freezes the ice beast but does no damage.
Your icy armour and frozen ramparts will break if you move.
Continue?
Okay, then.
Your icy armour and frozen ramparts will break if you move.
Continue? [Y]es or [N]o only, please.
Your icy armour and frozen ramparts will break if you move.
Continue?
Okay, then.
Unknown command.
Your icy armour and frozen ramparts will break if you move.
Continue?
Okay, then.
The frozen ramparts melt away.
Fannar hits your oklob sapling but does no damage.
Fannar freezes your oklob sapling.
The ice beast hits your oklob sapling but does no damage.
Fannar casts a spell.
Fannar drains the heat from the surrounding environment!
You die...
Fedhas appreciates your contribution to the ecosystem. # #. .. .# .## .### ..## ..# ..# ###.#####.. #.###.........# #.#...#..##### #.@.####.### #. #PPY#

#...# .. ...Ye#
###.### #.# #...#Y.
#...###.## .........
####..<...#
####.......
#.........#
##.........>.......#
............#
............#


You could see Fannar (strong), 2 ice beasts, a friendly ice beast (charmed,
summoned) and 2 friendly oklob saplings.

Vanquished Creatures
  A hornet (D:9)
  Prince Ribbit (D:7)
  A shadow (D:7)
  2 wraiths (D:9)
  A vampire (D:9)
  14 yaks
  Menkaure (D:7)
  6 orc warriors
  3 ice beasts
  A necrophage (D:5)
  2 centaurs (D:8)
  2 kobold brigands
  3 bullfrogs
  A gnoll sergeant (D:9)
  A water moccasin skeleton (D:4)
  3 wights (D:8)
  A howler monkey (D:9)
  A centaur zombie (D:7)
  2 hounds
  2 bullfrog skeletons (D:6)
  A bullfrog zombie (D:6)
  A centaur skeleton (D:5)
  6 orc priests
  3 jellies
  Jessica (D:2)
  6 iguanas
  13 orc wizards
  A killer bee zombie (D:8)
  A hound zombie (D:5)
  2 howler monkey zombies
  5 gnolls
  8 adders
  4 worms
  A dart slug (D:1)
  35 orcs
  6 ball pythons
  5 bats
  5 endoplasms
  2 giant cockroaches
  13 hobgoblins
  10 jackals
  21 kobolds
  5 quokkas
  2 frilled lizards (D:1)
  2 goblins
  A quokka skeleton (D:4)
  9 rats
218 creatures vanquished.

Vanquished Creatures (others)
  4 fungi (D:6)
  3 toadstools (D:6)
7 creatures vanquished.

Grand Total: 225 creatures vanquished

Notes
Turn   | Place    | Note
-------+----------+-------------------------------------------
     0 | D:1      | CryoSword the Demonspawn Ice Elementalist began the quest
                  | for the Orb.
     0 | D:1      | Reached XP level 1. HP: 13/13 MP: 3/3
   593 | D:1      | Reached skill level 1 in Fighting
   593 | D:1      | Discovered your monstrous ancestry.
   593 | D:1      | Gained mutation: Your touch may inflict minor irresistible
                  | damage on your foes. [demonic ancestry]
   593 | D:1      | Reached XP level 2. HP: 21/21 MP: 0/5
  1241 | D:1      | Reached XP level 3. HP: 26/26 MP: 6/6
  1245 | D:1      | Learned a level 3 spell: Frozen Ramparts
  1970 | D:2      | Gained mutation: You regenerate a little health from kills.
                  | [demonic ancestry]
  1970 | D:2      | Reached XP level 4. HP: 33/33 MP: 7/7
  2032 | D:2      | Noticed Jessica
  2045 | D:2      | Killed Jessica
  2288 | D:3      | Found a blossoming altar of Fedhas.
  2292 | D:3      | Became a worshipper of Fedhas Madash
  2360 | D:3      | Found a faded altar of an unknown god.
  2906 | D:4      | Reached * piety under Fedhas
  2907 | D:4      | Reached skill level 1 in Invocations
  2907 | D:4      | Reached XP level 5. HP: 30/39 MP: 3/8
  3118 | D:4      | Found Yrautax's Antique Weapon Shop.
  3153 | D:4      | Found an ancient bone altar of Kikubaaqudgha.
  3195 | D:4      | Found a transporter.
  3333 | D:4      | Found a transporter.
  3473 | D:4      | Reached skill level 5 in Ice Magic
  3473 | D:4      | Reached skill level 2 in Invocations
  3473 | D:4      | Gained mutation: Your demonic aura sometimes causes spilled
                  | blood to erupt in flames. [demonic ancestry]
  3473 | D:4      | Reached XP level 6. HP: 46/46 MP: 9/9
  3723 | D:5      | Entered Level 5 of the Dungeon
  3811 | D:5      | Reached skill level 1 in Long Blades
  3885 | D:5      | Learned a level 3 spell: Ozocubu's Armour
  4014 | D:5      | Found a burning altar of Makhleb.
  4014 | D:5      | Noticed a blizzard demon
  4017 | D:5      | Noticed a neqoxec
  4017 | D:5      | Noticed an orange demon
  4079 | D:5      | Reached skill level 3 in Invocations
  4160 | D:5      | Found a staircase to the Ecumenical Temple.
  4193 | D:5      | Noticed an ice beast
  4211 | D:5      | Gained mutation: You have a small tail. [demonic ancestry]
  4211 | D:5      | Reached XP level 7. HP: 21/52 MP: 3/10
  4249 | D:5      | Reached skill level 4 in Invocations
  4368 | D:5      | Identified the +2 robe of Okawaru's Delight {Rampage rF+}
  4674 | D:5      | Found a sparkling altar of Nemelex Xobeh.
  4727 | D:6      | Found a snail-covered altar of Cheibriados.
  4740 | D:6      | Noticed a yak
  4740 | D:6      | Noticed a yak
  4740 | D:6      | Noticed a yak
  4741 | D:6      | Noticed a yak
  4742 | D:6      | Noticed a yak
  4822 | D:6      | Killed a yak
  4830 | D:6      | Killed a yak
  4831 | D:6      | Reached skill level 5 in Invocations
  4886 | D:6      | Killed a yak
  4887 | D:6      | Gained mutation: You regenerate health from kills. [demonic
                  | ancestry]
  4887 | D:6      | Reached XP level 8. HP: 50/60 MP: 4/12
  4896 | D:6      | Reached skill level 6 in Invocations
  5021 | D:6      | Reached ** piety under Fedhas
  5173 | D:6      | Reached skill level 1 in Shields
  5203 | D:6      | Found a sacrificial altar of Ru.
  5665 | D:7      | Reached skill level 7 in Invocations
  5747 | D:7      | Gained mutation: Your demonic aura often causes spilled
                  | blood to erupt in flames. [demonic ancestry]
  5747 | D:7      | Reached XP level 9. HP: 46/66 MP: 7/14
  5830 | D:7      | Reached *** piety under Fedhas
  5896 | D:7      | Noticed Menkaure
  5906 | D:7      | Killed Menkaure
  5937 | D:7      | Reached skill level 5 in Long Blades
  6032 | Temple   | Entered the Ecumenical Temple
  6223 | D:7      | Noticed Prince Ribbit
  6233 | D:7      | Killed Prince Ribbit
  6262 | D:7      | Found a broken altar of Ashenzari.
  6362 | D:7      | Found a hazy altar of Hepliaklqana.
  6561 | D:8      | Reached skill level 8 in Invocations
  6562 | D:8      | Reached skill level 5 in Fighting
  6715 | D:8      | Found a shimmering blue altar of Sif Muna.
  6811 | D:8      | Reached skill level 5 in Dodging
  6891 | D:8      | Gained mutation: You have a pair of small antennae on your
                  | head. [demonic ancestry]
  6891 | D:8      | Reached XP level 10. HP: 72/73 MP: 10/16
  7091 | D:8      | Found a transporter.
  7095 | D:8      | Noticed Exodus22XD's ghost (novice MiFi)
  7095 | D:8      | Found the +3 hat of Pondering {ponderous, Will+ MP+10
                  | Int+5}
  7112 | D:8      | Noticed a moth of wrath
  7122 | D:8      | Found a transporter.
  7241 | D:9      | Reached **** piety under Fedhas
  7315 | D:9      | Reached skill level 9 in Invocations
  7748 | D:9      | Identified the +2 quarterstaff of Gazeofud {flame, rF+ rC+
                  | rCorr Dex+3}
  7918 | D:9      | Reached skill level 1 in Armour
  8167 | D:9      | Reached ***** piety under Fedhas
  8287 | D:9      | Found a staircase to the Orcish Mines.
  8333 | D:9      | Found an ornate altar of the Wu Jian Council.
  8529 | D:10     | Entered Level 10 of the Dungeon
  8576 | D:10     | Found a transporter.
  8598 | D:10     | Noticed Fannar
  8627 | D:10     | Killed from afar by Fannar

Illustrated notes

Levels and vault maps discovered:
D:1:      eino_arrival_tree_alley, layout_basic, minmay_misc_feat_chi,
          st_stairs_3
D:2:      layout_rooms, uniq_jessica
D:3:      layout_loops_ring, mainiacjoe_overflow_chevrons,
          basic_ecumenical_altar
D:4:      gammafunk_wand_slinger, layout_basic,
          nicolae_kikubaaqudgha_miasma_corner, serial_shops,
          nicolae_square_shop, hangedman_decor_riveting, corexii_corridor_pit
D:5:      layout_gridville, makhleb_altar_promises_db,
          mainiacjoe_overflow_catwalk, minmay_temple_entry_butterflies
D:6:      layout_rooms, nicolae_overflow_crystal_walls,
          mainiacjoe_overflow_paths, minmay_gold_behind_fungi
D:7:      layout_rooms, ashenzari_conservatory_becter, lemuel_doored_altar,
          uniq_menkaure, uniq_prince_ribbit1
D:8:      layout_rooms, old_standard_altar, gammafunk_ghost_berserking_beasts
D:9:      layout_irregular_city, nicolae_wu_jian_glorious_leap, david_orc_4,
          minmay_misc_feat_doors, minmay_strange_pillars
D:10:     layout_rooms, grunt_temple_overflow_order_and_chaos_1,
          nicolae_qazlal_scattered_showers, erik_lair_dragon,
          serial_nicolae_subway, nicolae_sub_station_stone,
          nicolae_sub_station_crystal, nicolae_sub_station_metal, uniq_fannar
Temple:   nicolae_temple_figure_zero

Skill      XL: |  1  2  3  4  5  6  7  8  9 10 |
---------------+-------------------------------+-----
Fighting       | 1 2 3 4 5 |  5.8
Dodging        | 2 3 4 5 |  5.2
Ice Magic      | 4 5 6 |  6.9
Invocations    | 1 2 3 5 7 8 9 |  9.8
Long Blades    | 2 3 4 6 |  6.6
Shields        | 1 3 4 |  4.9
Armour         | 1 |  1.4
Stealth        | |  1.7
Spellcasting   | |  2.6

Action                   |  1- 3 |  4- 6 |  7- 9 | 10-12 || total
-------------------------+-------+-------+-------+-------++-------
Melee: Unarmed           |     8 |       |       |       ||     8
       Dagger            |     8 |       |       |       ||     8
       Punch             |     1 |     3 |     1 |       ||     5
       Short sword       |    68 |   154 |   254 |   167 ||   643
       Touch             |    11 |    28 |    15 |       ||    54
       Hand axe          |     2 |       |       |       ||     2
       Tailslap          |       |       |    46 |    28 ||    74
 Cast: Freeze            |    26 |    24 |       |       ||    50
       Frozen Ramparts   |       |     2 |    21 |    18 ||    41
       Ozocubu's Armour  |       |     2 |    15 |    15 ||    32
Invok: Overgrow          |       |       |       |     1 ||     1
Evoke: Wand              |       |       |       |     1 ||     1
  Use: Scroll            |       |     6 |       |     1 ||     7
       Potion            |       |       |       |     4 ||     4
 Stab: Sleeping          |     4 |     3 |     2 |     2 ||    11
       Distracted        |       |       |     1 |       ||     1
Armor: Robe              |    27 |    31 |    74 |    15 ||   147
       Ring mail         |       |       |       |    38 ||    38
Dodge: Dodged            |    82 |   154 |   207 |   128 ||   571
Block: Buckler           |       |       |    39 |    37 ||    76
